 Seeded DCSS version 0.30.1-9-gdf580d7c3d (webtiles) character file.

Game seed: 7229806256980976716 (custom seed)

208 Psyclone the Magician (level 5, -6/31 HPs)
             Began as an Octopode Venom Mage on Oct 2, 2023.
             Killed by vampiric draining
             ... invoked by middlethird's ghost
              (16 damage)
             ... on level 3 of the Dungeon.
             The game lasted 00:06:11 (2972 turns).

Psyclone the Magician (Octopode Venom Mage)         Turns: 2972, Time: 00:06:12

Health: -6/31      AC:  4    Str:  8    XL:     5   Next: 86%
Magic:  15/20      EV: 13    Int: 27    God:
Gold:   138        SH:  0    Dex:  8    Spells: 1/12 levels left

rFire   + . .        a - +3 Elemental Staff {rElec rF+ rC+ AC+3}
rCold   + + +        (no shield)
rNeg    . . .        (helmet restricted)
rPois   +            (no amulet)
rElec   +            e - ring of the Mage {Wiz Archmagi}
rCorr   .            f - ring "Yjoxom" {Contam rPois rC++ MP+9 Int+8 Dex-4}
SInv    .            (no ring)
Will    .....        (no ring)
Stlth   +++          (no ring)
HPRegen 0.25/turn    (no ring)
MPRegen 0.17/turn    (no ring)
                     (no ring)

%: wizardry (x1), archmagi
@: no status effects
A: almost no armour, amphibious, 8 rings, camouflage 1, gelatinous body 1,
(nimble swimmer 1), tentacles
a: no special abilities


You were on level 3 of the Dungeon.
You visited 1 branch of the dungeon, and saw 3 of its levels.

You collected 138 gold pieces.

Inventory:

Hand Weapons
 a - the +3 Elemental Staff (weapon) {rElec rF+ rC+ AC+3}
   (You acquired it on level 1 of the Dungeon)

   It enhances your fire, ice, earth and air magic.
   AC:        It affects your AC (+3).
   rF:        It protects you from fire.
   rC:        It protects you from cold.
   rElec:     It insulates you from electricity.
Missiles
 l - a throwing net {!f}
Jewellery
 e - the ring of the Mage (left tentacle) {Wiz Archmagi}
   (You acquired it on level 1 of the Dungeon)

   [ring of wizardry]

   It improves your spell success rate.
   Archmagi:  It increases the power of your magical spells.
 f - the ring "Yjoxom" (right tentacle) {Contam rPois rC++ MP+9 Int+8 Dex-4}
   (You acquired it on level 1 of the Dungeon)

   [ring of magical power]

   Int:       It affects your intelligence (+8).
   Dex:       It affects your dexterity (-4).
   rC:        It greatly protects you from cold.
   rPois:     It protects you from poison.
   MP:        It affects your magic capacity (+9).
   Contam:    It causes magical contamination when unequipped.
Scrolls
 b - 3 scrolls of amnesia {unknown}
 d - a scroll of teleportation {unknown}
 h - a scroll of enchant armour {unknown}
 i - 2 scrolls of blinking {unknown}
 k - 4 scrolls of identify {unknown}
Potions
 c - a potion of magic
 g - a potion of might {unknown}
 j - 2 potions of mutation {unknown}
 m - 2 potions of curing {unknown}
 n - a potion of invisibility {unknown}
 o - 2 potions of brilliance {unknown}


   Skills:
 - Level 2.0 Dodging
 - Level 2.6 Stealth
 + Level 4.0 Spellcasting
 + Level 3.7 Necromancy
 - Level 1.0 Transmutations
 - Level 3.6 Poison Magic


You had one spell level left.
You knew the following spells:

 Your Spells              Type           Power      Damage    Failure   Level
a - Poisonous Vapours     Pois/Air       68%        N/A       2%          2
b - Dispel Undead         Necr           38%        3d16      7%          4
v - Sting                 Tmut/Pois      100%       1d8       1%          1
x - Olgreb's Toxic Radia  Pois           37%        N/A       8%          4

Your spell library contained the following spells:

 Spells                   Type           Power      Damage    Failure   Level
 Cigotuvi's Dreadful Rot  Necr/Pois/Air  84%        N/A       1%          2
 Mephitic Cloud           Conj/Pois/Air  27%        N/A       6%          3
 Freezing Cloud           Conj/Ice/Air   9%         6-21      61%         5
 Death Channel            Necr           19%        N/A       69%         6


Dungeon Overview and Level Annotations

Branches:
Dungeon (3/15) Zot: 15013

Altars:
Zin

Annotations:
D:3 middlethird's ghost, amateur FoNe


Innate Abilities, Weirdness & Mutations

You cannot wear most types of armour.
You are amphibious.
You can wear up to eight rings at the same time.
Your skin changes colour to match your surroundings (Stealth+).
Your rubbery body absorbs attacks. (AC +1, EV +1)
((You are camouflaged when in or above water. (Stealth+)))
You have tentacles for arms and can constrict up to eight enemies at once.


Message History

You constrict the bullfrog skeleton.
The bullfrog skeleton barely misses you.
The bullfrog skeleton hits you but does no damage.
You hit the bullfrog skeleton.
You squeeze the bullfrog skeleton, but do no damage.
The bullfrog skeleton is severely damaged.
You constrict the bullfrog skeleton.
The bullfrog skeleton closely misses you.
You hit the bullfrog skeleton but do no damage.
The bullfrog skeleton is severely damaged.
You constrict the bullfrog skeleton. The bullfrog skeleton hits you.
The bullfrog skeleton hits you but does no damage.
You take 4 damage, and have 25/31 hp.
You hit the bullfrog skeleton.
You destroy the bullfrog skeleton!
You hit the bullfrog skeleton. You grab the bullfrog skeleton.
The bullfrog skeleton is lightly damaged.
You constrict the bullfrog skeleton.
The bullfrog skeleton hits you but does no damage.
The bullfrog skeleton hits you.
You take 4 damage, and have 21/31 hp.
You hit the bullfrog skeleton. You squeeze the bullfrog skeleton.
The bullfrog skeleton is severely damaged.
You constrict the bullfrog skeleton.
The bullfrog skeleton closely misses you.
You sock the bullfrog skeleton!
You destroy the bullfrog skeleton!
Middlethird's ghost hits you!
Your Spellcasting skill increases to level 4!
You take 11 damage, and have 10/31 hp.
MASSIVE DAMAGE!!
Casting: Poisonous Vapours (safe; 2% risk of failure)
Confirm with . or Enter, or press ? or * to list all spells.
The spell is quite dangerous to miscast (7% risk of failure)!
Continue anyway?
Aiming: Dispel Undead (quite dangerous; 7% risk of failure)
Press: ? - help, Shift-Dir - straight line, f - middlethird's ghost
Aim: middlethird's ghost, wielding a weapon of flaming (100% to hit)
You feel a surge of power!
Middlethird's ghost is dispelled!!
Middlethird's ghost draws life force from you!
Ouch! That really hurt!
You die...

....#....#..#########...####
..#.)....#.## ###.#
..###.#..#.# #.#
..###.#....# ########
..#.......### ..#Z#..
###†(###....# #.$(..##
....## #.##.##### .Z.....#
###†# #.##.....####
##.....## ###.#
#.######.@WZ# #.......#
....# #.# ####.#####W''###
##..# #.# ##...##.....#
##..# #.# ##...........#
##..# #.## #.......?....#
#.(.# #..# #............#
#.#.#####.## #............##
..#........# ##............#
.########..##
##....#...##.###


You could see middlethird's ghost and a howler monkey skeleton.

Vanquished Creatures
  A jelly (D:2)
  2 bullfrog skeletons (D:3)
  4 adders (D:2)
  An ufetubus (D:3)
  3 worms
  5 bats
  4 endoplasms
  5 giant cockroaches
  2 goblins
  5 hobgoblins
  20 jackals
  4 quokkas
  6 ball pythons
  A frilled lizard (D:1)
  4 rats
67 creatures vanquished.

Notes
Turn   | Place    | Note
-------+----------+-------------------------------------------
     0 | D:1      | Psyclone the Octopode Venom Mage began the quest for the
                  | Orb.
     0 | D:1      | Reached XP level 1. HP: 11/11 MP: 3/3
    80 | D:1      | Identified 3 scrolls of acquirement
    80 | D:1      | Acquired the ring of the Mage {Wiz Archmagi}
    80 | D:1      | Found the ring of the Mage {Wiz Archmagi}
    86 | D:1      | Acquired the ring "Yjoxom" {Contam rPois rC++ MP+9 Int+8
                  | Dex-4}
   207 | D:1      | Acquired the +3 Elemental Staff {rElec rF+ rC+ AC+3}
   207 | D:1      | Found the +3 Elemental Staff {rElec rF+ rC+ AC+3}
   583 | D:1      | Reached skill level 1 in Necromancy
   583 | D:1      | Reached XP level 2. HP: 16/17 MP: 5/5
   593 | D:1      | Learned a level 2 spell: Poisonous Vapours
  1042 | D:1      | Reached XP level 3. HP: 21/21 MP: 6/6
  1454 | D:2      | Reached skill level 3 in Spellcasting
  1538 | D:2      | Reached XP level 4. HP: 27/27 MP: 8/8
  2107 | D:2      | Reached XP level 5. HP: 31/31 MP: 10/10
  2489 | D:3      | Learned a level 4 spell: Dispel Undead
  2494 | D:3      | Learned a level 4 spell: Olgreb's Toxic Radiance
  2588 | D:3      | Found a runed translucent gate.
  2588 | D:3      | Found a runed translucent gate.
  2588 | D:3      | Found a runed translucent gate.
  2706 | D:3      | Found a glowing silver altar of Zin.
  2952 | D:3      | Noticed middlethird's ghost (amateur FoNe)
  2972 | D:3      | Reached skill level 4 in Spellcasting
  2972 | D:3      | Killed from afar by middlethird's ghost

Illustrated notes

Levels and vault maps discovered:
D:1:      spicycebolla_arrival_ecumenical, layout_loops_ring
D:2:      layout_basic
D:3:      layout_rooms, mainiacjoe_overflow_paths, gammafunk_ghost_necromancy

Skill      XL: |  1  2  3  4  5 |
---------------+----------------+-----
Necromancy     | 1 2 3 |  3.7
Spellcasting   | 3 4 |  4.0
Dodging        | |  2.0
Stealth        | |  2.6
Transmutations | |  1.0
Poison Magic   | |  3.6

Action                     |  1- 3 |  4- 6 || total
---------------------------+-------+-------++-------
  Melee: Staff             |    39 |    41 ||    80
         Constrict         |    10 |    11 ||    21
         Tentacles         |     8 |    13 ||    21
         Punch             |     1 |       ||     1
   Cast: Poisonous Vapours |    25 |    33 ||    58
         Sting             |     2 |     4 ||     6
         Dispel Undead     |       |     1 ||     1
    Use: Scroll            |     3 |       ||     3
   Stab: Sleeping          |     1 |     2 ||     3
 Armour: Skin              |    17 |    19 ||    36
  Dodge: Dodged            |    38 |    47 ||    85
